Map: [ESL] Ancient Cistern

Players

ByuN - Winner!

  • Race: Terran Terran
  • Spawn Location: 7:00

Astrea

  • Race: Protoss Protoss
  • Spawn Location: 1:00

Event: ESL SC2 Masters 2023 Summer (Finals)

VOD

Have the link to the VOD?

Description

Time

  • Played on: June 16, 2023, 9:19 a.m.
  • Length: 13:13

All games in this series

Show
View Real Time Build Order
Export as new Build Order

ByuN Terran - Winner!

Build Orders:  

Get SALT Encoding   

  12  0:00  SCV  
  13  0:12  SCV  
  14  0:16  Supply Depot  
  14  0:24  SCV  
  15  0:38  SCV  
  15  0:39  Barracks  
  15  0:42  Refinery  
  16  0:50  SCV  
  17  1:02  SCV  
  18  1:14  SCV  
  19  1:27  Marine  
  19  1:29  Orbital Command  
  21  1:50  Command Center  
  20  1:55  Factory  
  20  1:58  SCV  
  21  2:04  Barracks Reactor  
  21  2:10  SCV  
  21  2:11  Supply Depot  
  22  2:17  Refinery  
  22  2:23  SCV  
  23  2:35  SCV  
  24  2:39  Hellion  
  24  2:41  Marine, Starport  
  24  2:42  Marine  
  28  2:47  SCV  
  29  2:59  Marine, SCV  
  29  3:01  Marine  
  29  3:02  Factory Tech Lab  
  32  3:11  SCV  
  33  3:17  Marine  
  33  3:19  Marine, Medivac  
  37  3:21  Orbital Command  
  37  3:23  SCV  
  38  3:28  Siege Tank  
  41  3:34  Marine  
  41  3:35  SCV  
  41  3:37  Marine  
  41  3:40  Supply Depot  
  44  3:46  SCV  
  44  3:47  SCV  
  46  4:01  Siege Tank  
  51  4:03  SCV x2  
  51  4:04  Supply Depot  
  53  4:15  Liberator  
  54  4:21  Supply Depot  
  54  4:25  Marine x2  
  54  4:26  SCV x2  
  54  4:27  Barracks  
  58  4:38  SCV x2  
  58  4:41  Siege Tank  
  58  4:42  Supply Depot  
  58  4:44  Refinery  
  61  4:50  SCV x2  
  58  4:52  Marine  
  58  4:53  Marine  
  57  5:02  SCV, Engineering Bay  
  57  5:05  SCV  
  57  5:06  Supply Depot  
  55  5:10  Marine x2  
  55  5:13  Barracks  
  57  5:15  Starport Reactor  
  57  5:16  SCV  
  57  5:17  SCV  
  57  5:20  Factory Reactor  
  59  5:25  Stimpack, Marauder  
  61  5:29  Supply Depot  
  61  5:30  Supply Depot  
  61  5:31  Marine x2  
  61  5:32  Terran Infantry Weapons Level 1  
  61  5:35  SCV x2  
  65  5:38  Refinery  
  65  5:46  Marauder, Supply Depot  
  65  5:47  SCV x2  
  65  5:49  Marine x2  
  71  6:03  Widow Mine x2  
  71  6:04  Barracks Tech Lab  
  75  6:07  Marauder  
  77  6:12  Marine x2  
  77  6:15  SCV  
  77  6:16  SCV  
  81  6:20  Medivac x2  
  81  6:24  Marauder  
  81  6:25  Combat Shield  
  87  6:29  Marauder  
  87  6:30  Marine x2  
  89  6:40  Command Center  
  89  6:45  Marauder  
  91  6:47  Marine  
  91  6:48  Marine  
  91  6:50  Marauder  
  95  6:54  SCV x2  
  95  6:57  Barracks x2  
  96  7:04  Concussive Shells  
  96  7:05  Marine x2  
  96  7:06  SCV x2  
  96  7:07  Marauder  
  99  7:12  Marauder  
  92  7:18  Widow Mine x2  
  92  7:24  Marine  
  92  7:25  Marine  
  92  7:28  Marauder  
  93  7:30  Medivac  
  93  7:32  Medivac  
  93  7:33  Marauder, SCV  
  93  7:34  SCV  
  93  7:36  Terran Infantry Armor Level 1  
  101  7:42  Marine x2  
  103  7:45  Barracks Reactor  
  103  7:46  Barracks Tech Lab  
  103  7:49  Marauder  
  103  7:50  SCV  
  103  7:51  SCV  
  107  7:54  Marauder  
  107  7:57  Widow Mine x2  
  113  8:02  Marine  
  113  8:03  SCV x2  
  111  8:07  Medivac  
  111  8:11  Marauder  
  115  8:15  SCV x2  
  115  8:16  Marauder x2  
  115  8:18  Marine  
  118  8:20  Marine  
  118  8:25  Orbital Command  
  117  8:27  SCV  
  117  8:31  Marine x2  
  117  8:32  Marauder  
  122  8:35  Marine  
  122  8:37  Marine  
  122  8:40  Marauder  
  123  8:43  Marine  
  123  8:45  SCV  
  121  8:48  Marine  
  121  8:52  SCV  
  121  8:54  Marauder, SCV  
  121  8:55  Marauder  
  123  8:57  Marine x2  
  123  9:02  Marauder  
  121  9:06  Marine x2  
  121  9:07  Widow Mine  
  122  9:15  Marine, Marauder  
  122  9:16  Marauder  
  121  9:19  Marine  
  121  9:23  Marauder  
  124  9:24  Marine  
  124  9:27  Marine  
  124  9:28  Armory  
  125  9:33  Marine  
  125  9:36  Marauder  
  125  9:38  Marauder  
  121  9:39  Viking x2  
  121  9:43  SCV x3, Starport  
  121  9:45  Engineering Bay  
  124  9:48  Factory Reactor  
  124  9:49  Marauder  
  126  9:54  Marine x3  
  126  9:55  Marine  
  126  9:58  Marauder  
  132  10:04  SCV x3, Ghost Academy  
  135  10:07  Refinery  
  135  10:08  Refinery  
  135  10:09  Viking x2  
  135  10:10  Marauder  
  141  10:14  Marauder  
  141  10:19  Marauder  
  143  10:26  Terran Infantry Weapons Level 2, Terran Infantry Armor Level 2  
  143  10:35  Marine x4  
  145  10:39  Viking  
  145  10:42  Viking  
  149  10:46  Viking  
  149  10:49  Viking  
  148  10:55  SCV x3  
  137  11:04  Ghost  
  137  11:05  Ghost x2  
  137  11:07  SCV, Marine  
  141  11:13  Marine x2  
  141  11:27  Marine x2  
  143  11:34  Marauder x2, Ghost  
  143  11:38  Supply Depot  
  143  11:39  Supply Depot  
  149  11:50  Marine  
  149  11:52  Marine  
  144  11:54  Ghost  
  144  11:56  Marauder  
  144  11:57  Marine x2  
  128  12:03  Marauder  
  128  12:05  Widow Mine x2  
  128  12:08  Marine  
  132  12:09  Marine  
  132  12:15  Marine x2  
  116  12:18  Marauder  
  116  12:22  Medivac x2  
  120  12:24  Marauder  
  120  12:25  Marauder, Marine  
  120  12:27  SCV x3, Marine  
  129  12:33  Marine x2  
  131  12:38  Ghost  
  131  12:43  Marine  
  134  12:45  Marauder, Marine  
  134  12:46  Marauder  
  134  12:47  Widow Mine  
  141  12:55  Marine x2  
Show
View Real Time Build Order
Export as new Build Order

Astrea Protoss 

Build Orders: 1 Gate Expand, Phoenix Opening 

Get SALT Encoding   

  12  0:00  Probe  
  13  0:12  Probe  
  14  0:17  Pylon  
  14  0:24  Probe (Chrono Boost)  
  15  0:36  Probe (Chrono Boost)  
  15  0:37  Gateway  
  16  0:44  Probe (Chrono Boost)  
  16  0:48  Assimilator  
  17  0:51  Probe  
  18  1:03  Probe  
  19  1:15  Probe  
  20  1:23  Nexus  
  20  1:34  Cybernetics Core  
  20  1:36  Probe  
  21  1:42  Assimilator  
  21  1:48  Probe (Chrono Boost)  
  21  1:58  Pylon  
  21  2:00  Probe (Chrono Boost)  
  22  2:05  Probe (Chrono Boost)  
  23  2:13  Warp Gate  
  23  2:16  Probe, Sentry (Chrono Boost)  
  26  2:28  Probe  
  27  2:31  Stalker (Chrono Boost)  
  27  2:35  Probe  
  30  2:40  Phoenix, Probe (Chrono Boost)  
  31  2:46  Nexus  
  31  2:48  Probe (Chrono Boost)  
  32  2:56  Pylon  
  34  2:58  Probe (Chrono Boost)  
  34  2:59  Probe (Chrono Boost)  
  34  3:04  Probe (Chrono Boost)  
  34  3:05  Probe (Chrono Boost)  
  38  3:15  Probe  
  38  3:16  Probe  
  38  3:17  Gateway  
  38  3:20  Gateway  
  38  3:22  Sentry  
  40  3:27  Probe  
  40  3:30  Robotics Facility  
  40  3:32  Probe  
  42  3:39  Probe  
  43  3:44  Probe  
  43  3:46  Pylon  
  44  3:52  Probe (Chrono Boost)  
  45  3:57  Probe (Chrono Boost)  
  45  4:01  Stalker  
  50  4:04  Probe (Chrono Boost)  
  50  4:06  Probe (Chrono Boost)  
  50  4:07  Probe (Chrono Boost)  
  50  4:09  Probe (Chrono Boost)  
  51  4:12  Probe x2 (Chrono Boost)  
  51  4:13  Stalker  
  56  4:18  Probe, Observer, Assimilator  
  56  4:19  Assimilator  
  56  4:20  Stalker  
  56  4:23  Probe, Shield Battery  
  61  4:26  Stalker  
  61  4:30  Pylon  
  61  4:33  Probe  
  61  4:36  Probe  
  61  4:38  Stalker  
  63  4:39  Probe  
  63  4:42  Pylon  
  63  4:45  Probe  
  65  4:48  Probe  
  65  4:51  Probe (Chrono Boost)  
  54  4:57  Probe (Chrono Boost)  
  53  5:01  Probe (Chrono Boost)  
  53  5:03  Probe (Chrono Boost)  
  56  5:09  Probe (Chrono Boost), Robotics Bay  
  56  5:10  Probe (Chrono Boost)  
  56  5:11  Probe (Chrono Boost)  
  56  5:13  Probe (Chrono Boost)  
  58  5:15  Probe (Chrono Boost), Observer  
  58  5:18  Probe (Chrono Boost)  
  58  5:19  Forge  
  58  5:20  Forge  
  62  5:23  Probe (Chrono Boost)  
  62  5:28  Sentry  
  66  5:30  Probe (Chrono Boost)  
  66  5:33  Probe (Chrono Boost)  
  66  5:34  Probe (Chrono Boost)  
  68  5:36  Probe (Chrono Boost)  
  68  5:37  Pylon  
  68  5:39  Probe x2 (Chrono Boost)  
  68  5:42  Stalker x2  
  75  5:44  Probe  
  77  5:50  Probe  
  77  5:51  Probe, Stalker  
  77  5:56  Probe  
  81  6:00  Shield Battery  
  81  6:01  Shield Battery  
  81  6:08  Colossus (Chrono Boost)  
  81  6:10  Stalker x2  
  85  6:14  Pylon  
  85  6:16  Pylon  
  90  6:21  Protoss Ground Armor Level 1, Observer, Protoss Ground Weapons Level 1  
  90  6:37  Zealot x2, Sentry  
  96  6:41  Pylon  
  96  6:44  Gateway  
  96  6:46  Gateway  
  96  6:47  Gateway  
  96  6:49  Colossus (Chrono Boost)  
  96  6:52  Pylon, Assimilator  
  96  6:53  Assimilator  
  102  6:59  Stalker  
  103  7:03  Zealot x2  
  105  7:08  Probe  
  105  7:13  Probe  
  105  7:15  Probe  
  100  7:22  Twilight Council  
  99  7:23  Probe  
  99  7:25  Probe  
  95  7:33  Probe  
  95  7:35  Extended Thermal Lance, Probe  
  97  7:37  Probe, Zealot x3  
  104  7:45  Probe  
  104  7:48  Probe, Colossus (Chrono Boost)  
  104  7:50  Zealot x3  
  114  7:56  Probe  
  106  8:00  Probe  
  107  8:06  Observer  
  107  8:08  Stalker x2  
  107  8:09  Stalker  
  107  8:10  Probe  
  112  8:17  Zealot x3  
  110  8:22  Protoss Ground Weapons Level 2 (Chrono Boost)  
  110  8:26  Probe  
  109  8:31  Charge  
  109  8:39  Zealot x3, Sentry  
  117  8:41  Protoss Ground Armor Level 2 (Chrono Boost)  
  117  8:42  Pylon  
  117  8:44  Pylon  
  117  8:45  Pylon  
  115  8:49  Shield Battery  
  107  9:01  Warp Prism (Chrono Boost)  
  103  9:03  Stalker x6  
  115  9:16  Probe  
  104  9:21  Observer  
  100  9:27  Stalker x6  
  100  9:29  Probe  
  111  9:33  Observer  
  107  9:39  Shield Battery  
  107  9:41  Nexus  
  107  9:43  Observer  
  107  9:50  Templar Archives  
  107  9:51  Immortal  
  111  9:52  Sentry  
  111  9:53  Zealot x4  
  111  9:54  Observer  
  111  9:58  Pylon  
  121  10:05  Zealot  
  123  10:08  Pylon  
  123  10:09  Pylon  
  123  10:11  Blink (Chrono Boost)  
  123  10:26  Zealot x6  
  133  10:32  Psionic Storm  
  131  10:37  Immortal (Chrono Boost), Protoss Ground Weapons Level 3 (Chrono Boost)  
  135  10:48  Zealot x6, Observer  
  147  10:56  Stalker x6  
  143  10:58  Probe x2  
  143  11:00  Shield Battery  
  133  11:13  Warp Prism (Chrono Boost)  
  135  11:21  High Templar x3  
  135  11:24  Zealot x3  
  147  11:39  Immortal (Chrono Boost)  
  147  11:43  Gateway  
  147  11:44  Shield Battery  
  151  11:50  Pylon  
  145  11:56  Zealot x6  
  121  12:12  Colossus  
  121  12:13  Archon  
  123  12:18  High Templar x4, Zealot x2  
  133  12:33  Gateway  
  133  12:36  Nexus, Pylon  
  133  12:39  Gateway  
  132  12:45  Zealot x3  
  137  12:55  Archon  
  137  12:57  Stalker x4  
  103  13:06  Zealot x3  
Tags
 
Add a new tag
Caveats
  • Supply blocks, unpowered buildings, or Contaminate may cause inaccurate times.
  • Supply counts are checked every 10 seconds.